% Time on Ice - COLORADO GLACIERCATS
Lines # - Real PCT - Wanted PCT - Time Play
Normal Forward
1 - 32% - 34% - 15:14
2 - 29% - 34% - 14:08
3 - 26% - 27% - 12:28
4 - 13% - 5% - 6:16
Normal Defense
1 - 39% - 40% - 18:32
2 - 35% - 36% - 17:02
3 - 26% - 22% - 12:32
4 - 0% - 2% - 0:00
PP Forward
1 - 51% - 50% - 4:05
2 - 49% - 50% - 3:51
PP Defense
1 - 50% - 50% - 3:57
2 - 50% - 50% - 3:59
PK Forward
1 - 48% - 50% - 0:57
2 - 52% - 50% - 1:02
PK Defense
1 - 47% - 50% - 0:56
2 - 53% - 50% - 1:03
PK3 Forward
1 - 0% - 50%
2 - 0% - 50%
PK3 Defense
1 - 0% - 50%
2 - 0% - 50%
44 Forward
1 - 54% - 50% - 1:04
2 - 46% - 50% - 0:55
44 Defense
1 - 46% - 50% - 0:55
2 - 54% - 50% - 1:04
Last Minute Offensive  - 0:00
Last Minute Defensive  - 0:00
Total
Forward - 60:00
Defense - 60:00
% Time on Ice - SPOKANE KNIGHTS
Lines # - Real PCT - Wanted PCT - Time Play
Normal Forward
1 - 28% - 30% - 13:26
2 - 32% - 30% - 15:36
3 - 30% - 30% - 14:16
4 - 10% - 10% - 4:48
Normal Defense
1 - 37% - 35% - 17:34
2 - 38% - 35% - 18:30
3 - 13% - 15% - 6:23
4 - 12% - 15% - 5:39
PP Forward
1 - 52% - 60% - 1:02
2 - 48% - 40% - 0:57
PP Defense
1 - 73% - 60% - 1:27
2 - 27% - 40% - 0:32
PK Forward
1 - 48% - 50% - 3:50
2 - 52% - 50% - 4:06
PK Defense
1 - 49% - 60% - 3:54
2 - 51% - 40% - 4:02
PK3 Forward
1 - 0% - 60%
2 - 0% - 40%
PK3 Defense
1 - 0% - 60%
2 - 0% - 40%
44 Forward
1 - 44% - 50% - 0:52
2 - 56% - 50% - 1:07
44 Defense
1 - 56% - 60% - 1:07
2 - 44% - 40% - 0:52
Last Minute Offensive  - 0:00
Last Minute Defensive  - 0:00
Total
Forward - 60:00
Defense - 60:00
Play-by-Play 1st period 0:01 of 1st period - Patrice Bergeron wins face-off versus Tomas Hertl in neutral zone. 0:06 of 1st period - Shot by Patrice Bergeron. 0:06 of 1st period - Shot Misses the Net. 0:14 of 1st period - Shot by Tomas Hertl. 0:14 of 1st period - Shot Misses the Net. 0:16 of 1st period - Shot by Devon Toews. 0:16 of 1st period - Stopped by Mike Smith without a rebound. 0:17 of 1st period - Ryan Getzlaf wins face-off versus Nick Foligno in SPOKANE KNIGHTS zone. 1:07 of 1st period - Icing by Matthew Tkachuk. 1:08 of 1st period - Nick Foligno wins face-off versus Tyson Jost in SPOKANE KNIGHTS zone. 1:31 of 1st period - Tyson Jost is hit by Radko Gudas and loses puck. 1:37 of 1st period - Dustin Brown is hit by Radko Gudas and loses puck. 1:51 of 1st period - Alex Iafallo is hit by Jamie Oleksiak and loses puck. 2:30 of 1st period - Joonas Donskoi is hit by Mario Ferraro and loses puck. 2:40 of 1st period - Tomas Hertl is hit by Mario Ferraro and loses puck. 2:44 of 1st period - Joonas Donskoi is hit by Mario Ferraro and loses puck. 3:23 of 1st period - Shot by Luke Glendening. 3:23 of 1st period - Stopped by Mike Smith without a rebound. 3:24 of 1st period - Nick Foligno wins face-off versus Sam Reinhart in SPOKANE KNIGHTS zone. 3:50 of 1st period - Ryan Getzlaf is hit by Victor Hedman and loses puck. 4:16 of 1st period - Icing by Duncan Keith. 4:17 of 1st period - Tyson Jost wins face-off versus Nick Foligno in SPOKANE KNIGHTS zone. 4:50 of 1st period - Dustin Brown is hit by Victor Hedman and loses puck. 5:56 of 1st period - Shot by Tomas Hertl. 5:56 of 1st period - Stopped by Mike Smith without a rebound. 5:57 of 1st period - Andrew Agozzino wins face-off versus Ryan Getzlaf in SPOKANE KNIGHTS zone. 6:14 of 1st period - Shot by Sam Reinhart. 6:14 of 1st period - Deflect By Brayden Schenn. 6:14 of 1st period - Stopped by Mike Smith without a rebound. 6:15 of 1st period - Patrice Bergeron wins face-off versus Cameron Hughes in SPOKANE KNIGHTS zone. 7:32 of 1st period - Icing by Jamie Oleksiak. 7:33 of 1st period - Tomas Hertl wins face-off versus Tyler Pitlick in SPOKANE KNIGHTS zone. 7:33 of 1st period - Tomas Hertl is hit by Radko Gudas. 7:53 of 1st period - Shot by Leon Draisaitl. 7:53 of 1st period - Shot Misses the Net. 8:00 of 1st period - Shot by Joonas Donskoi. 8:00 of 1st period - Shot Misses the Net. 8:02 of 1st period - Shot by Leon Draisaitl. 8:02 of 1st period - Shot Misses the Net. 8:04 of 1st period - Shot by Vladislav Gavrikov. 8:04 of 1st period - Stopped by Mike Smith without a rebound. 8:05 of 1st period - David Backes wins face-off versus Sam Reinhart in SPOKANE KNIGHTS zone. 8:05 of 1st period - David Backes is hit by Brayden Schenn. 8:06 of 1st period - Minor Penalty to Ryan Getzlaf for Holding Stick. 8:07 of 1st period - Sebastian Aho wins face-off versus Alex Iafallo in COLORADO GLACIERCATS zone. 8:30 of 1st period - Shot by Sebastian Aho. 8:30 of 1st period - Stopped by Kaapo Kahkonen without a rebound. 8:31 of 1st period - Patrice Bergeron wins face-off versus Joonas Donskoi in COLORADO GLACIERCATS zone. 8:48 of 1st period - Shot by Patrice Bergeron. 8:48 of 1st period - Stopped by Kaapo Kahkonen without a rebound. 8:49 of 1st period - Cameron Hughes wins face-off versus Sebastian Aho in COLORADO GLACIERCATS zone. 9:22 of 1st period - Shot by Sebastian Aho. 9:22 of 1st period - Shot Misses the Net. 9:24 of 1st period - Shot by Cale Makar. 9:24 of 1st period - Shot Misses the Net. 9:26 of 1st period - Shot by Sebastian Aho. 9:26 of 1st period - Stopped by Kaapo Kahkonen without a rebound. 9:27 of 1st period - Patrice Bergeron wins face-off versus Luke Glendening in COLORADO GLACIERCATS zone. 9:34 of 1st period - Shot by Patrice Bergeron. 9:34 of 1st period - Stopped by Kaapo Kahkonen without a rebound. 9:35 of 1st period - Patrice Bergeron wins face-off versus Luke Glendening in COLORADO GLACIERCATS zone. 9:40 of 1st period - Shot by Patrice Bergeron. 9:40 of 1st period - Stopped by Kaapo Kahkonen without a rebound. 9:41 of 1st period - Luke Glendening wins face-off versus Patrice Bergeron in COLORADO GLACIERCATS zone. 10:35 of 1st period - Shot by Sebastian Aho. 10:35 of 1st period - Shot Misses the Net. 10:37 of 1st period - Shot by Patrice Bergeron. 10:37 of 1st period - Stopped by Kaapo Kahkonen without a rebound. 10:38 of 1st period - Tyson Jost wins face-off versus Andrew Agozzino in COLORADO GLACIERCATS zone. 11:06 of 1st period - Shot by Valeri Nichushkin. 11:06 of 1st period - Shot Misses the Net. 11:08 of 1st period - Shot by Tyler Pitlick. 11:08 of 1st period - Stopped by Kaapo Kahkonen without a rebound. 11:09 of 1st period - Tomas Hertl wins face-off versus Bryan Rust in COLORADO GLACIERCATS zone. 11:09 of 1st period - Tomas Hertl is hit by Matthew Tkachuk. 11:19 of 1st period - Shot by Tomas Hertl. 11:19 of 1st period - Stopped by Mike Smith without a rebound. 11:20 of 1st period - Patrice Bergeron wins face-off versus Ryan Getzlaf in SPOKANE KNIGHTS zone. 11:41 of 1st period - Shot by Patrice Bergeron. 11:41 of 1st period - Stopped by Kaapo Kahkonen without a rebound. 11:42 of 1st period - Tomas Hertl wins face-off versus David Backes in COLORADO GLACIERCATS zone. 12:26 of 1st period - Shot by Tomas Hertl. 12:26 of 1st period - Stopped by Mike Smith without a rebound. 12:27 of 1st period - Patrice Bergeron wins face-off versus Ryan Getzlaf in SPOKANE KNIGHTS zone. 12:31 of 1st period - Icing by Patrick Kane. 12:32 of 1st period - Patrice Bergeron wins face-off versus Ryan Getzlaf in SPOKANE KNIGHTS zone. 13:05 of 1st period - Icing by Torey Krug. 13:06 of 1st period - Andrew Agozzino wins face-off versus Ryan Getzlaf in COLORADO GLACIERCATS zone. 13:09 of 1st period - Shot by Tyler Pitlick. 13:09 of 1st period - Stopped by Kaapo Kahkonen with a rebound. 13:22 of 1st period - Tyler Pitlick is hit by Ryan Getzlaf and loses puck. 13:23 of 1st period - Tyler Pitlick from SPOKANE KNIGHTS is injured at 13:23 of 1st period (Right Hand). 13:24 of 1st period - David Backes wins face-off versus Tyson Jost in SPOKANE KNIGHTS zone. 13:43 of 1st period - Shot by David Backes. 13:43 of 1st period - Stopped by Kaapo Kahkonen without a rebound. 13:44 of 1st period - Tomas Hertl wins face-off versus Valeri Nichushkin in COLORADO GLACIERCATS zone. 14:07 of 1st period - Shot by Andrew Agozzino. 14:07 of 1st period - Stopped by Kaapo Kahkonen with a rebound. 14:09 of 1st period - Shot by Mario Ferraro. 14:09 of 1st period - Stopped by Kaapo Kahkonen without a rebound. 14:10 of 1st period - Matthew Tkachuk wins face-off versus Tyson Jost in COLORADO GLACIERCATS zone. 14:13 of 1st period - Shot by Bryan Rust. 14:13 of 1st period - Stopped by Kaapo Kahkonen without a rebound. 14:14 of 1st period - Nick Foligno wins face-off versus Tyson Jost in COLORADO GLACIERCATS zone. 14:16 of 1st period - Matthew Tkachuk is hit by Vladislav Gavrikov and loses puck. 14:29 of 1st period - Nick Foligno is hit by Dustin Brown. 15:11 of 1st period - Shot by Joonas Donskoi. 15:11 of 1st period - Shot Hit the Post. 15:15 of 1st period - Shot by Leon Draisaitl. 15:15 of 1st period - Stopped by Mike Smith without a rebound. 15:16 of 1st period - Ryan Getzlaf wins face-off versus Andrew Agozzino in SPOKANE KNIGHTS zone. 15:25 of 1st period - Off-side. 15:26 of 1st period - Patrice Bergeron wins face-off versus Tomas Hertl in neutral zone. 15:42 of 1st period - Shot by Patrick Kane. 15:42 of 1st period - Stopped by Kaapo Kahkonen with a rebound. 15:44 of 1st period - Shot by Patrick Kane. 15:44 of 1st period - Stopped by Kaapo Kahkonen without a rebound. 15:45 of 1st period - Brayden Schenn wins face-off versus Andrew Agozzino in COLORADO GLACIERCATS zone. 16:08 of 1st period - Shot by Sam Reinhart. 16:08 of 1st period - Shot Misses the Net. 16:55 of 1st period - Icing by Ilya Lyubushkin. 16:56 of 1st period - Nick Foligno wins face-off versus Ryan Getzlaf in COLORADO GLACIERCATS zone. 17:32 of 1st period - Shot by Bryan Rust. 17:32 of 1st period - Stopped by Kaapo Kahkonen without a rebound. 17:33 of 1st period - Patrice Bergeron wins face-off versus Joonas Donskoi in COLORADO GLACIERCATS zone. 18:16 of 1st period - Shot by Tomas Hertl. 18:16 of 1st period - Stopped by Mike Smith without a rebound. 18:17 of 1st period - Andrew Agozzino wins face-off versus Tyson Jost in SPOKANE KNIGHTS zone. 19:24 of 1st period - Luke Glendening is hit by Nick Foligno. 19:30 of 1st period - Shot by Bryan Rust. 19:30 of 1st period - Shot Misses the Net. 19:43 of 1st period - Minor Penalty to Radko Gudas for Hooking. 19:44 of 1st period - Patrice Bergeron wins face-off versus Tomas Hertl in SPOKANE KNIGHTS zone. Goals for this period are 0 for COLORADO GLACIERCATS vs 0 for SPOKANE KNIGHTS. Shots for this period are 9 for COLORADO GLACIERCATS vs 16 for SPOKANE KNIGHTS. 2nd period 0:01 of 2nd period - Sebastian Aho wins face-off versus Ryan Getzlaf in neutral zone. 0:08 of 2nd period - Shot by Sebastian Aho. 0:08 of 2nd period - Shot Misses the Net. 1:06 of 2nd period - Icing by Devon Toews. 1:07 of 2nd period - Patrice Bergeron wins face-off versus Tomas Hertl in COLORADO GLACIERCATS zone. 1:32 of 2nd period - Shot by Leon Draisaitl. 1:32 of 2nd period - Stopped by Mike Smith with a rebound. 2:16 of 2nd period - Cameron Hughes is hit by Patrick Kane. 2:36 of 2nd period - Bryan Rust is hit by Cameron Hughes. 2:56 of 2nd period - Shot by Bryan Rust. 2:56 of 2nd period - Stopped by Kaapo Kahkonen with a rebound. 3:58 of 2nd period - Shot by Joonas Donskoi. 3:58 of 2nd period - Stopped by Mike Smith without a rebound. 3:59 of 2nd period - David Backes wins face-off versus Ryan Getzlaf in SPOKANE KNIGHTS zone. 4:06 of 2nd period - Shot by Sebastian Aho. 4:06 of 2nd period - Shot Blocked by Devon Toews. 4:08 of 2nd period - Shot by Duncan Keith. 4:08 of 2nd period - Stopped by Kaapo Kahkonen without a rebound. 4:09 of 2nd period - Ryan Getzlaf wins face-off versus Nick Foligno in COLORADO GLACIERCATS zone. 4:09 of 2nd period - Ryan Getzlaf is hit by Matthew Tkachuk. 4:20 of 2nd period - Shot by Brayden Schenn. 4:20 of 2nd period - Deflect By Sam Reinhart. 4:20 of 2nd period - Stopped by Mike Smith without a rebound. 4:21 of 2nd period - Tomas Hertl wins face-off versus Patrick Kane in SPOKANE KNIGHTS zone. 4:32 of 2nd period - Shot by Leon Draisaitl. 4:32 of 2